 Dungeon Crawl Stone Soup version 0.31-a0-667-g39726597b9 (webtiles) character file.

Game seed: 11649639415863281906

3398 jlumianski the Chopper (level 9, -9/71 HPs)
             Began as a Demonspawn Fighter on Sept 3, 2023.
             Mangled by a two-headed ogre
             ... wielding a +0 giant club
              (15 damage)
             ... on level 7 of the Dungeon on Sept 4, 2023.
             The game lasted 00:27:08 (6722 turns).

jlumianski the Chopper (Demonspawn Fighter)         Turns: 6722, Time: 00:27:08

Health: -9/71      AC: 10    Str: 20    XL:     9   Next: 75%
Magic:  9/9        EV:  9    Int:  9    God:
Gold:   170        SH:  7    Dex: 18    Spells: 8/8 levels left

rFire   + . .        a - +0 war axe
rCold   . . .        c - +1 buckler
rNeg    + . .        e - +0 chain mail
rPois   .            (helmet restricted)
rElec   .            (no cloak)
rCorr   .            (no gloves)
SInv    .            (no boots)
Will    .....        (no amulet)
Stlth   +            O - ring of protection from fire
HPRegen 0.31/turn    B - ring of positive energy
MPRegen 0.11/turn

%: no passive effects
@: mighty
A: antennae 2, thin skeletal structure 2, spiny 2
a: no special abilities


You were on level 7 of the Dungeon.
You visited 1 branch of the dungeon, and saw 8 of its levels.

You collected 170 gold pieces.

Inventory:

Hand Weapons
 a - a +0 war axe (weapon)
 z - the +0 sling of a Gauntlet {antimagic, rElec Str-3 Int+8 Stlth+}
   (You found it on level 3 of the Dungeon)

   Str-3:     It affects your strength (-3).
   Int+8:     It affects your intelligence (+8).
   rElec:     It insulates you from electricity.
   Stlth+:    It makes you more stealthy.
 J - a +0 spear of freezing
 K - a +4 spear of flaming
 M - a +2 whip of freezing
 N - a +2 dagger of flaming
Missiles
 i - 14 poisoned darts
 r - 4 boomerangs
 w - 49 stones
 E - a curare-tipped dart
 H - 4 javelins (quivered)
Armour
 b - a +0 scale mail
 c - a +1 buckler (worn)
 e - a +0 chain mail (worn)
 h - a +0 chain mail
 v - the +1 robe "Cudwyamis" {Str+3 Int+4}
   (You found it on level 2 of the Dungeon)

   Str+3:     It affects your strength (+3).
   Int+4:     It affects your intelligence (+4).
Jewellery
 f - a +6 ring of intelligence
 t - a ring of wizardry
 B - a ring of positive energy (right hand)
 O - a ring of protection from fire (left hand)
Talismans
 C - a blade talisman
Wands
 q - a wand of charming (17)
 x - a wand of polymorph (4)
Scrolls
 g - a scroll of fear {unknown}
 k - a scroll of poison {unknown}
 n - a scroll of enchant weapon {unknown}
 o - a scroll of teleportation
 p - 2 scrolls of revelation
 u - 3 scrolls of noise
 y - 2 scrolls of enchant armour
 A - a scroll of silence {unknown}
 D - a scroll of torment {unknown}
 G - a scroll of blinking {unknown}
 L - a scroll of immolation {unknown}
Potions
 j - 2 potions of curing
 m - a potion of magic
 s - a potion of enlightenment
 F - a potion of brilliance
 I - a potion of resistance


   Skills:
 + Level 6.9 Fighting
 + Level 7.7 Axes
 + Level 2.6 Throwing
 + Level 6.8 Armour
 - Level 2.0 Dodging
 - Level 1.0 Stealth
 + Level 4.8 Shields
 + Level 1.2 Evocations


You had 8 spell levels left.
You didn't know any spells.
Your spell library contained the following spells:

 Spells                   Type           Power      Damage    Failure   Level
 Blink                    Tloc           0%         N/A       99%         2
 Cigotuvi's Dreadful Rot  Necr/Pois/Air  0%         N/A       99%         2
 Lesser Beckoning         Tloc           0%         N/A       99%         2
 Momentum Strike          Conj/Tloc      0%         3d8       99%         2
 Ignite Poison            Fire/Tmut/Pois 0%         N/A       100%        3
 Sticky Flame             Conj/Fire      0%         2d3       100%        4
 Freezing Cloud           Conj/Ice/Air   0%         6-21      100%        5
 Ignition                 Fire           0%         3d3       100%        8


Dungeon Overview and Level Annotations

Branches:
Dungeon (8/15)
 Temple: D:4-7         Lair: D:8-11

Altars:
Nemelex Xobeh
Trog
Wu Jian
Yredelemnul


Innate Abilities, Weirdness & Mutations

You have a pair of antennae on your head.
You have a moderately thin skeletal structure. (Dex +4, Stealth++)
You are mostly covered in sharp spines.


Message History

You closely miss the sky beast.
The sky beast is severely wounded.
You block the sky beast's attack.
You closely miss the sky beast.
The sky beast is severely wounded.
Your extra speed is starting to run out.
The sky beast is struck by your spines.
The sky beast hits you but does no damage.
You closely miss the sky beast.
The sky beast is severely wounded.
The sky beast hits you but does no damage.
You hit the sky beast.
The sky beast is almost dead.
You hit the sky beast.
You kill the sky beast!
You see here a sky beast corpse.
There is a stone staircase leading down, spattered with blood here.
You start resting.
You feel yourself slow down.
You start resting.
HP restored.
You feel very mighty all of a sudden.
You climb downwards.
You block the two-headed ogre's attack.
The two-headed ogre hits you with a +0 giant spiked club.
There is a stone staircase leading up, spattered with blood here.
You slash the two-headed ogre!
The two-headed ogre is moderately wounded.
The two-headed ogre is struck by your spines.
The two-headed ogre hits you with a +0 giant club!
The two-headed ogre hits you with a +0 giant spiked club!!
You barely miss the two-headed ogre.
The two-headed ogre is moderately wounded.
You block the two-headed ogre's attack.
The two-headed ogre hits you with a +0 giant spiked club!!
* * * LOW HITPOINT WARNING * * *
You barely miss the two-headed ogre.
The two-headed ogre is moderately wounded.
You block the two-headed ogre's attack.
The two-headed ogre hits you with a +0 giant spiked club!
You die...

....######§# #.....###.####
.........#.# #.....#......#
.....###.#.###.#...#......#
.....#
#.#.D.#.....#......##
.....#
#.###§##..#..##.†...#
....##
#......#..##....§.#.# #'###
#####.........e...#.# ..#
##.#####.#..#...#
########## #.##@...##.....#
#........ #.#.O.).##.#...#
#........ #.#....###.#...##
##........ #.######
#.##.†># .......... #..
..###..# #......... .#
######..# #.........
........# #.######.#
#######.# #.##### # #.#


You could see a two-headed ogre.

Vanquished Creatures
  Pikel (D:6)
  Prince Ribbit (D:5)
  Sigmund (D:6)
  Eustachio (D:5)
  A steam dragon (D:6)
  Duvessa (D:7)
  5 sky beasts
  3 ice beasts
  An ogre (D:5)
  A lemure (D:5)
  2 phantoms
  A kobold brigand (D:5)
  A bullfrog (D:6)
  A gnoll sergeant (D:6)
  4 wights (D:5)
  Dowan (D:6)
  A killer bee (D:7)
  4 jellies
  4 hounds
  An orc priest (D:3)
  3 iguanas
  A sleepcap (D:6)
  Natasha (thrice) (D:2)
  3 orc wizards
  Terence (D:2)
  7 gnolls
  3 adders
  A shadow imp (D:6)
  A white imp (D:7)
  5 dart slugs
  11 orcs
  7 ball pythons
  10 endoplasms
  2 giant cockroaches (D:4)
  5 goblins
  3 hobgoblins
  8 jackals
  13 kobolds
  6 quokkas
  9 bats
  9 frilled lizards
  3 rats
150 creatures vanquished.

Vanquished Creatures (collateral kills)
  A worm (D:3)
1 creature vanquished.

Grand Total: 151 creatures vanquished

Notes
Turn   | Place    | Note
-------+----------+-------------------------------------------
     0 | D:1      | jlumianski the Demonspawn Fighter began the quest for the
                  | Orb.
     0 | D:1      | Reached XP level 1. HP: 18/18 MP: 1/1
   114 | D:1      | Gained mutation: You have a pair of small antennae on your
                  | head. [demonic ancestry]
   114 | D:1      | Reached XP level 2. HP: 24/24 MP: 2/2
   157 | D:1      | Reached skill level 2 in Axes
   409 | D:1      | Reached XP level 3. HP: 29/29 MP: 3/3
   466 | D:1      | Found a faded altar of an unknown god.
   913 | D:2      | Noticed Natasha
   936 | D:3      | Reached XP level 4. HP: 9/37 MP: 4/4
   936 | D:3      | HP: 1/37 [something/puff of flame (8)]
  1145 | D:2      | Killed Natasha
  1149 | D:2      | Gained mutation: You have a somewhat thin skeletal
                  | structure. (Dex +2, Stealth+) [demonic ancestry]
  1149 | D:2      | Reached XP level 5. HP: 34/43 MP: 5/5
  1305 | D:2      | Noticed Terence
  1309 | D:2      | Killed Terence
  1310 | D:2      | Reached skill level 3 in Axes
  1465 | D:2      | Identified the +1 robe "Cudwyamis" {Str+3 Int+4}
  1507 | D:2      | Noticed Natasha
  1515 | D:2      | Killed Natasha
  1607 | D:2      | Noticed Natasha
  1795 | D:2      | Killed Natasha
  2153 | D:3      | Gained mutation: You are partially covered in sharp spines.
                  | [demonic ancestry]
  2153 | D:3      | Reached XP level 6. HP: 43/49 MP: 6/6
  2422 | D:3      | Found a basalt altar of Yredelemnul.
  2430 | D:3      | Found an ornate altar of the Wu Jian Council.
  2432 | D:3      | Found a bloodstained altar of Trog.
  2434 | D:3      | Found a sparkling altar of Nemelex Xobeh.
  2709 | D:3      | Identified the +0 sling of a Gauntlet {antimagic, rElec
                  | Str-3 Int+8 Stlth+}
  2958 | D:4      | Reached skill level 4 in Axes
  3041 | D:5      | Entered Level 5 of the Dungeon
  3828 | D:5      | Gained mutation: You have a moderately thin skeletal
                  | structure. (Dex +4, Stealth++) [demonic ancestry]
  3828 | D:5      | Reached XP level 7. HP: 45/55 MP: 7/7
  3831 | D:5      | Reached skill level 1 in Dodging
  3875 | D:5      | Noticed Prince Ribbit
  3885 | D:5      | Killed Prince Ribbit
  3886 | D:5      | Reached skill level 5 in Axes
  3936 | D:5      | Reached skill level 5 in Fighting
  4069 | D:6      | Noticed Pikel
  4206 | D:5      | Noticed Eustachio
  4214 | D:5      | Killed Eustachio
  4215 | D:5      | Reached skill level 5 in Armour
  4215 | D:5      | Gained mutation: You have a pair of antennae on your head.
                  | [demonic ancestry]
  4215 | D:5      | Reached XP level 8. HP: 62/62 MP: 8/8
  4505 | D:5      | Reached skill level 6 in Axes
  5515 | D:7      | Noticed Dowan
  5515 | D:7      | Noticed Duvessa
  5640 | D:6      | Gained mutation: You are mostly covered in sharp spines.
                  | [demonic ancestry]
  5640 | D:6      | Reached XP level 9. HP: 69/69 MP: 9/9
  5754 | D:6      | Killed Pikel
  5755 | D:6      | Reached skill level 7 in Axes
  5755 | D:6      | Reached skill level 1 in Throwing
  5963 | D:6      | Noticed Sigmund
  5966 | D:6      | Killed Sigmund
  6024 | D:6      | Reached skill level 1 in Stealth
  6513 | D:7      | Reached skill level 1 in Evocations
  6611 | D:7      | Killed Duvessa
  6617 | D:7      | Noticed a two-headed ogre
  6650 | D:6      | Killed Dowan
  6722 | D:7      | Mangled by a two-headed ogre

Illustrated notes

Levels and vault maps discovered:
D:1:      wander_arrival_estate, layout_loops_ring,
          hellmonk_ecumenical_altar_run_dry
D:2:      layout_loops_cross, uniq_terence, uniq_natasha
D:3:      layout_loops_ring, chequers_temple_overflow_minitemple,
          minmay_misc_feat_ornament
D:4:      layout_gridville
D:5:      layout_gridville, nicolae_fountain_basement, uniq_prince_ribbit1,
          uniq_eustachio
D:6:      layout_basic, uniq_sigmund, uniq_pikel
D:7:      layout_basic, minmay_temple_entry_nine_rooms, uniq_duvessa,
          uniq_jeremiah
D:8:      layout_loops_ring, serial_shops, shop

Skill      XL: |  1  2  3  4  5  6  7  8  9 |
---------------+----------------------------+-----
Axes           | 2 3 4 5 6 7 |  7.7
Armour         | 3 4 5 6 |  6.8
Fighting       | 4 5 6 |  6.9
Shields        | 3 4 |  4.8
Dodging        | 1 2 |  2.0
Throwing       | 2 |  2.6
Stealth        | 1 |  1.0
Evocations     | 1 |  1.2

Action                     |  1- 3 |  4- 6 |  7- 9 || total
---------------------------+-------+-------+-------++-------
  Melee: War axe           |   115 |   161 |   184 ||   460
   Fire: Sling             |       |       |     3 ||     3
  Throw: Boomerang         |     1 |       |       ||     1
         Dart              |       |       |     1 ||     1
         Javelin           |       |       |    24 ||    24
  Evoke: Wand              |       |     1 |     6 ||     7
    Use: Potion            |       |     3 |     3 ||     6
         Scroll            |       |     4 |     5 ||     9
   Stab: Sleeping          |       |       |     1 ||     1
 Armour: Scale mail        |    14 |       |       ||    14
         Chain mail        |    98 |   132 |   151 ||   381
  Dodge: Dodged            |    49 |    38 |    56 ||   143
  Block: Buckler           |    24 |    41 |    66 ||   131

Table legend: (Time is in decaauts)
 A = Elapsed time spent in this place.
 B = Non-inter-level travel time spent in this place.
 C = Inter-level travel time spent in this place.
 D = Time resting spent in this place.
 E = Time spent auto-exploring this place.
 F = Levels seen in this place.
 G = Mean time per level.
                   A        B        C        D        E       F      G
               +--------+--------+--------+--------+--------+-----+--------+
         Total |   6879 |   6735 |    144 |    862 |   3273 |   8 |  859.9 |
       Dungeon |   6879 |   6735 |    144 |    862 |   3273 |   8 |  859.9 |
               +--------+--------+--------+--------+--------+-----+--------+

Top non-repeatable levels by time:
     D:5: 1396 daAuts
     D:6: 1287 daAuts
     D:2: 1134 daAuts
     D:4: 963 daAuts
     D:3: 925 daAuts
     D:1: 805 daAuts
     D:7: 362 daAuts
     D:8: 5 daAuts
